[Event "Titled Tuesday Blitz November 07 Late 2023"]
[White "Zeltsan, Joseph"]
[Black "Bortnyk, Mykola"]
[WhiteFideId "30932980"]
[BlackFideId "14120836"]
[WhiteElo "2688"]
[BlackElo "2925"]
[Result "0-1"]
[Round "5"]
[TimeControl "180+1"]
[Date "2023.11.07"]
[WhiteClock "0:00:00"]
[BlackClock "0:00:06"]
[Board "20"]

1. e4 Nf6 2. e5 Nd5 3. d4 d6 4. c4 Nb6 5. exd6 cxd6 6. Bd3 g6 7. Ne2 Bg7 8. O-O Nc6 9. Be3 Nb4 10. Be4 d5 11. cxd5 N4xd5 12. Nbc3 O-O 13. Rc1 Nxe3 14. fxe3 Bh6 15. Nf4 Nc4 16. Qe2 Nd6 17. Bc2 Bd7 18. Bb3 Rc8 19. Rf2 Ne4 20. Rff1 Nf6 21. Qf3 b5 22. Rce1 b4 23. Ncd5 Bb5 24. Rf2 a5 25. Bc2 a4 26. Nxb4 Qd7 27. h3 Qd6 28. a3 Bg7 29. Bd3 Bd7 30. Bb1 e5 31. dxe5 Qxe5 32. Nfd3 Qb5 33. e4 Be6 34. Nf4 Nd7 35. Kh1 Bd4 36. Rff1 Ne5 37. Qd1 Bxb2 38. Nxe6 fxe6 39. Ba2 Rcd8 40. Bxe6+ Kg7 41. Qb1 Bxa3 42. Nd5 Qxb1 43. Rxb1 Rxf1+ 44. Rxf1 Bb2 45. Nc7 a3 46. Ba2 Rd2 47. Ne6+ Kh6 48. Rf4 g5 49. Rf1 Nd3 0-1


[Site "https://www.chess.com"]

[Event "Titled Tuesday Blitz November 07 Late 2023"]
[White "Indjic, Aleksandar"]
[Black "Papasimakopoulos, Alexandros"]
[WhiteFideId "911925"]
[BlackFideId "4244125"]
[WhiteElo "2921"]
[BlackElo "2686"]
[Result "1-0"]
[Round "5"]
[TimeControl "180+1"]
[Date "2023.11.07"]
[WhiteClock "0:02:02"]
[BlackClock "0:01:53"]
[Board "21"]

1. d4 e6 2. Bf4 c5 3. e3 Qb6 4. b3 Nf6 5. c3 d5 6. Bd3 Bd6 7. Bg3 Bd7 8. Nd2 cxd4 9. exd4 Bxg3 10. hxg3 Bb5 11. Qe2 Bxd3 12. Qxd3 h6 13. Ngf3 Nc6 14. O-O O-O 15. Rae1 a5 16. a4 Rac8 17. Rc1 Rc7 18. Qb5 Qxb5 19. axb5 Ne7 20. c4 dxc4 21. bxc4 Rd8 22. b6 Rc6 23. c5 Nf5 24. Nb3 Ra8 25. Rc4 Nd5 26. Ne5 Nxb6 27. cxb6 Rxc4 28. Nxc4 a4 29. Nc5 Nxd4 30. Nxb7 a3 31. Nba5 Nc2 32. b7 Rb8 33. Nxa3 1-0


[Site "https://www.chess.com"]

[Event "Titled Tuesday Blitz November 07 Late 2023"]
[White "Melkumyan, Hrant"]
[Black "Arifarsky"]
[WhiteFideId "13302485"]
[WhiteElo "2916"]
[BlackElo "2684"]
[Result "1-0"]
[Round "5"]
[TimeControl "180+1"]
[Date "2023.11.07"]
[WhiteClock "0:00:14"]
[BlackClock "0:00:03"]
[Board "22"]

1. e4 c5 2. Nf3 a6 3. c4 Nc6 4. d4 cxd4 5. Nxd4 e5 6. Nf5 d6 7. Nc3 Nf6 8. Bg5 Bxf5 9. exf5 Be7 10. Bd3 O-O 11. O-O Nd4 12. Re1 Rc8 13. Rc1 Re8 14. b3 Nd7 15. Be3 Bg5 16. Nd5 h6 17. Qg4 Nf6 18. Nxf6+ Qxf6 19. Rcd1 Nc6 20. Be4 Rc7 21. Bxg5 hxg5 22. Re3 Nd4 23. a4 b5 24. cxb5 axb5 25. a5 Ra7 26. b4 Rc8 27. h3 Rc4 28. Rb1 Nc6 29. Bxc6 Rxg4 30. hxg4 g6 31. Bxb5 gxf5 32. gxf5 Qxf5 33. Bd3 Qf4 34. a6 Qd4 35. b5 Qb6 36. Be4 Rc7 37. Ra3 Qc5 38. Raa1 Qb6 39. a7 Rxa7 40. Rxa7 Qxa7 41. b6 Qb8 42. b7 Kg7 43. Ra1 Qc7 44. g3 f5 45. Bc6 Qb6 46. Ra8 Qb1+ 47. Kg2 Qc2 48. b8=Q Qxc6+ 49. Kg1 Qc1+ 50. Kh2 Kg6 51. Qe8+ Kf6 52. Qh8+ Ke6 53. Qg8+ Kd7 54. Qf7+ 1-0


[Site "https://www.chess.com"]

[Event "Titled Tuesday Blitz November 07 Late 2023"]
[White "Chigaev, Maksim"]
[Black "Giroyan, Gary"]
[WhiteFideId "4108116"]
[BlackFideId "680281"]
[WhiteElo "2912"]
[BlackElo "2677"]
[Result "0-1"]
[Round "5"]
[TimeControl "180+1"]
[Date "2023.11.07"]
[WhiteClock "0:00:00"]
[BlackClock "0:00:03"]
[Board "23"]

1. Nf3 Nf6 2. g3 g6 3. b3 Bg7 4. Bb2 O-O 5. Bg2 d5 6. c4 c6 7. O-O a5 8. Nc3 Re8 9. d4 Bf5 10. e3 Bg4 11. h3 Bxf3 12. Bxf3 e6 13. Bg2 Nbd7 14. Qd3 Nb6 15. Rab1 Nc8 16. Rfd1 Nd6 17. g4 h5 18. Qe2 Qb8 19. f4 b5 20. c5 b4 21. Na4 Nde4 22. g5 Ng3 23. Qe1 Nfe4 24. h4 Ra7 25. Nb6 Rb7 26. a3 Rxb6 27. cxb6 Qxb6 28. axb4 axb4 29. Ra1 Qb5 30. Bxe4 Nxe4 31. Qf1 Qb8 32. Ra2 Qc8 33. Qe2 Qd7 34. Rc1 Rc8 35. Ba1 f6 36. Ra4 Qe7 37. Qa6 Rf8 38. Rxc6 fxg5 39. Rxe6 Qf7 40. Rxg6 gxf4 41. Qe6 Qxe6 42. Rxe6 f3 43. Rxe4 dxe4 44. Rxb4 Bf6 45. d5 Bxa1 46. Rxe4 Bf6 47. Kf2 Bd8 48. Rc4 Kg7 49. Rc6 Bxh4+ 0-1


[Site "https://www.chess.com"]

[Event "Titled Tuesday Blitz November 07 Late 2023"]
[White "Rozman, Levy"]
[Black "Kovalev, Vladislav"]
[WhiteFideId "2039877"]
[BlackFideId "13504398"]
[WhiteElo "2676"]
[BlackElo "2911"]
[Result "1-0"]
[Round "5"]
[TimeControl "180+1"]
[Date "2023.11.07"]
[WhiteClock "0:00:35"]
[BlackClock "0:00:58"]
[Board "24"]

1. e4 e5 2. Nc3 Nc6 3. Bc4 Nf6 4. d3 Bc5 5. f4 d6 6. Nf3 Bg4 7. Na4 Nd4 8. Nxc5 dxc5 9. O-O O-O 10. fxe5 Nd7 11. Bf4 b5 12. Bb3 Qe7 13. Qd2 Bxf3 14. gxf3 Nxe5 15. Bxe5 Qxe5 16. c3 Nxb3 17. axb3 Rad8 18. Qe3 b4 19. f4 Qd6 20. Rxa7 bxc3 21. bxc3 Qxd3 22. Qxd3 Rxd3 23. Rxc7 Rxc3 24. e5 Rd8 25. Kg2 g6 26. Rf3 Rd2+ 27. Kg3 Rcc2 28. f5 Rg2+ 29. Kf4 Rce2 30. Rc8+ Kg7 31. f6+ Kh6 32. Rh3# 1-0


[Site "https://www.chess.com"]

[Event "Titled Tuesday Blitz November 07 Late 2023"]
[White "Bauman_Guy"]
[Black "Skvortsov, Andrei"]
[BlackFideId "24108600"]
[WhiteElo "2910"]
[BlackElo "2673"]
[Result "1/2-1/2"]
[Round "5"]
[TimeControl "180+1"]
[Date "2023.11.07"]
[WhiteClock "0:00:05"]
[BlackClock "0:00:06"]
[Board "25"]

1. e4 c5 2. Nf3 d6 3. d4 cxd4 4. Nxd4 Nf6 5. Nc3 g6 6. Be3 Bg7 7. f3 O-O 8. Qd2 d5 9. e5 Ne8 10. f4 f6 11. exf6 Nxf6 12. O-O-O Ng4 13. Bg1 Rxf4 14. Kb1 Rf8 15. h3 Nf6 16. g4 Nc6 17. Bg2 Nxd4 18. Bxd4 e6 19. g5 Nh5 20. Bxg7 Nxg7 21. h4 Qb6 22. Rhf1 Bd7 23. Ne4 Rxf1 24. Bxf1 dxe4 25. Qxd7 Qc6 26. Qxc6 bxc6 27. Bg2 e3 28. Re1 Nf5 29. Bxc6 Rd8 30. c3 e5 31. Re2 Rd1+ 32. Kc2 Rf1 33. Be4 Kf7 34. b4 Ke6 35. a4 Ra1 36. a5 Nxh4 37. Rxe3 Nf5 38. Rh3 Rg1 39. Rxh7 Nd6 40. Bxg6 Rxg5 41. Bd3 Rg2+ 42. Kb3 Rg3 43. Bc4+ Kf6 44. Rxa7 Ne4 45. Ra6+ Kf5 46. Be6+ Kf4 47. Rc6 Nd2+ 48. Ka4 e4 49. Bc8 e3 50. Ba6 Rg1 51. Re6 Ra1+ 52. Kb5 Ne4 53. Kb6 Nxc3 54. Bc4 Ne4 55. a6 Nd2 56. Bb5 Nb3 57. a7 Nd4 58. Re8 Nxb5 59. a8=Q Rxa8 60. Rxa8 Nc3 61. Ra1 Ke4 62. Kc5 Kd3 63. b5 Nxb5 64. Kxb5 e2 65. Kb4 Kd2 66. Ra2+ Kd3 67. Ra1 Kd2 68. Ra2+ Kd3 69. Rxe2 Kxe2 1/2-1/2


[Site "https://www.chess.com"]

[Event "Titled Tuesday Blitz November 07 Late 2023"]
[White "Barrientos, Sergio E"]
[Black "Zhigalko, Sergei"]
[WhiteFideId "4401824"]
[BlackFideId "13502956"]
[WhiteElo "2672"]
[BlackElo "2904"]
[Result "0-1"]
[Round "5"]
[TimeControl "180+1"]
[Date "2023.11.07"]
[WhiteClock "0:00:10"]
[BlackClock "0:00:04"]
[Board "26"]

1. e4 c5 2. Nf3 Nc6 3. Bb5 Nf6 4. Nc3 Qc7 5. O-O Nd4 6. h3 a6 7. Bd3 Nxf3+ 8. Qxf3 e6 9. Re1 Bd6 10. b3 Bh2+ 11. Kh1 Be5 12. Bb2 O-O 13. Nd1 b5 14. c3 Bb7 15. Ne3 d5 16. exd5 exd5 17. Ng4 Nxg4 18. Qxg4 Rfe8 19. Re3 Bf4 20. Rf3 Bxd2 21. Rd1 c4 22. Rg3 g6 23. Rxd2 cxd3 24. Rdxd3 Re4 25. Qg5 Rae8 26. Bc1 d4 27. Kh2 Re2 28. Bf4 Qc6 29. cxd4 Qd5 30. Be5 Rxf2 31. Rdf3 Qxf3 32. Rxf3 Bxf3 33. Qh6 Rxg2+ 34. Kh1 Rg4+ 35. Kh2 Rg2+ 36. Kh1 f6 37. Qh5 gxh5 0-1


[Site "https://www.chess.com"]

[Event "Titled Tuesday Blitz November 07 Late 2023"]
[White "Bachmann, Axel"]
[Black "Gubajdullin, Alexei"]
[WhiteFideId "3700488"]
[BlackFideId "4141202"]
[WhiteElo "2878"]
[BlackElo "2665"]
[Result "1-0"]
[Round "5"]
[TimeControl "180+1"]
[Date "2023.11.07"]
[WhiteClock "0:00:36"]
[BlackClock "0:00:00"]
[Board "27"]

1. e4 c6 2. d4 d5 3. f3 e6 4. Nc3 b6 5. Bf4 Ba6 6. Nge2 Nd7 7. Qd2 Ne7 8. h4 h5 9. O-O-O Ng6 10. Be3 Nxh4 11. Nf4 Bxf1 12. Rdxf1 Bd6 13. e5 Be7 14. g3 Nf5 15. Nxh5 Rg8 16. Bf4 g6 17. g4 Nxd4 18. Ng7+ Rxg7 19. Rh8+ Nf8 20. Qxd4 Rh7 21. Rxh7 Nxh7 22. Rh1 Nf8 23. Bd2 Qc7 24. Qf4 g5 25. Qg3 Ng6 26. Rh5 Nxe5 27. Rh8+ Kd7 28. Rh3 Rh8 29. Ne2 Ng6 30. Qg2 Rxh3 31. Qxh3 Qe5 32. Qf1 Bc5 33. Kb1 Be3 34. Bc3 d4 35. Be1 Nf4 36. Ng3 Qb5 37. Qh1 d3 38. Bc3 dxc2+ 39. Kxc2 Qd3+ 40. Kb3 c5 41. a3 Qd5+ 42. Kc2 Qd3+ 43. Kb3 Qd5+ 44. Kc2 c4 45. Kb1 Qd3+ 46. Ka2 Nd5 47. Ne4 Kc6 48. Qh8 f5 49. Qe8+ 1-0


[Site "https://www.chess.com"]

[Event "Titled Tuesday Blitz November 07 Late 2023"]
[White "Domingo Nunez, Ruben"]
[Black "Kamsky, Gata"]
[WhiteFideId "22245570"]
[BlackFideId "2000024"]
[WhiteElo "2660"]
[BlackElo "2857"]
[Result "0-1"]
[Round "5"]
[TimeControl "180+1"]
[Date "2023.11.07"]
[WhiteClock "0:00:00"]
[BlackClock "0:00:50"]
[Board "28"]

1. Nf3 Nf6 2. b3 d5 3. Bb2 Bf5 4. c4 e6 5. e3 h6 6. Nc3 Nbd7 7. h3 c6 8. d4 Bb4 9. a3 Bxc3+ 10. Bxc3 a5 11. Bd3 Bxd3 12. Qxd3 Ne4 13. Bb2 O-O 14. Nd2 f5 15. O-O a4 16. f3 Nxd2 17. Qxd2 axb3 18. Qb4 Nb6 19. cxd5 exd5 20. Qxb3 Nc4 21. Bc3 b5 22. Bb4 Re8 23. Rae1 Qg5 24. Kf2 Re6 25. Qd3 Rae8 26. f4 Qh4+ 27. Kg1 Re4 28. Rf3 Qf6 29. Kf2 Qe6 30. Re2 g5 31. fxg5 hxg5 32. g3 Kg7 33. Bd2 Rh8 34. Kg2 Qh6 35. Kg1 Qxh3 36. Rg2 Qh1+ 37. Kf2 Qd1 38. Rxf5 Kg6 39. Rf3 Nxd2 40. Rf4 gxf4 41. gxf4+ Kf6 0-1


[Site "https://www.chess.com"]

[Event "Titled Tuesday Blitz November 07 Late 2023"]
[White "Ehlvest, Jaan"]
[Black "Mikaelyan, Arman"]
[WhiteFideId "4500016"]
[BlackFideId "13304852"]
[WhiteElo "2644"]
[BlackElo "2856"]
[Result "0-1"]
[Round "5"]
[TimeControl "180+1"]
[Date "2023.11.07"]
[WhiteClock "0:00:37"]
[BlackClock "0:00:10"]
[Board "29"]

1. e4 e5 2. Nf3 Nc6 3. Bb5 a6 4. Ba4 Nf6 5. O-O Be7 6. Re1 b5 7. Bb3 O-O 8. c3 d5 9. exd5 Nxd5 10. d4 exd4 11. cxd4 Be6 12. Nc3 h6 13. Rxe6 fxe6 14. Qd3 Rxf3 15. Qxf3 Nxd4 16. Qg4 Nf6 17. Qh3 b4 18. Na4 Qd6 19. Be3 Nxb3 20. axb3 Qe5 21. Qf3 Qe4 22. Qxe4 Nxe4 23. Rc1 Bd6 24. Kf1 Rd8 25. Ke2 Kf7 26. f3 Nf6 27. g3 Nd5 28. Bc5 Be5 29. Rc4 a5 30. f4 Bf6 31. Bf2 g5 32. fxg5 hxg5 33. h4 gxh4 34. gxh4 Rh8 35. Nc5 Bxb2 36. Kf3 Bc3 37. Nb7 a4 38. bxa4 b3 39. Bd4 b2 40. Bxc3 b1=Q 41. Bxh8 Qd3+ 0-1


[Site "https://www.chess.com"]

[Event "Titled Tuesday Blitz November 07 Late 2023"]
[White "Amburgy, Ryan"]
[Black "Kravtsiv, Martyn"]
[WhiteFideId "30924820"]
[BlackFideId "14113147"]
[WhiteElo "2644"]
[BlackElo "2847"]
[Result "0-1"]
[Round "5"]
[TimeControl "180+1"]
[Date "2023.11.07"]
[WhiteClock "0:00:02"]
[BlackClock "0:00:08"]
[Board "30"]

1. d4 d5 2. c4 e6 3. Nc3 c6 4. g3 g6 5. Bg2 Bg7 6. Nf3 Ne7 7. O-O O-O 8. b3 Nd7 9. Bb2 b6 10. Rc1 Ba6 11. Nb1 Rc8 12. Re1 c5 13. Qd2 dxc4 14. dxc5 Nxc5 15. Qxd8 Rfxd8 16. Bxg7 Kxg7 17. bxc4 Nc6 18. Nbd2 Na5 19. Red1 Na4 20. Nb3 Nxc4 21. Rxd8 Rxd8 22. Nfd4 Nab2 23. Nc6 Rd1+ 24. Rxd1 Nxd1 25. e3 Nc3 26. Bf1 Nxa2 27. Nxa7 Nb4 28. Nd4 Nd6 29. Bg2 e5 30. Ndc6 Nxc6 31. Nxc6 Kf6 32. Nb4 Bc4 33. f4 Ke6 34. Kf2 b5 35. Bc6 f5 36. Ke1 Ne4 37. Nc2 Nc5 38. Kd2 Kd6 39. Be8 Ne4+ 40. Ke1 exf4 41. exf4 Kc5 42. Bd7 b4 43. Ba4 b3 44. Ne3 Be6 45. Nd1 Kb4 46. Be8 Nc3 47. Nb2 Ka3 48. Nd3 b2 49. Nxb2 Kxb2 50. h4 Ne4 51. g4 fxg4 52. h5 gxh5 53. Bxh5 Bf5 54. Bf7 Kc3 55. Kf1 Kd4 56. Kg2 Ke3 57. Bg8 Kxf4 58. Bf7 h6 59. Be8 Kg5 60. Bc6 h5 61. Kh2 h4 62. Bb5 Nf6 63. Bf1 Nh5 64. Kg1 Nf4 65. Bc4 g3 66. Ba6 Be4 67. Bf1 Bd5 68. Bb5 h3 69. Kf1 h2 70. Ke1 h1=Q+ 71. Kd2 Qg2+ 72. Kc3 Qe4 73. Kb2 Qe3 74. Ba4 Qd2+ 75. Bc2 Nd3+ 76. Ka1 Qc1+ 77. Bb1 Qb2# 0-1


[Site "https://www.chess.com"]

[Event "Titled Tuesday Blitz November 07 Late 2023"]
[White "Seemann, Jakub"]
[Black "Vasquez Schroeder, Rodrigo"]
[WhiteFideId "21874697"]
[BlackFideId "3400042"]
[WhiteElo "2642"]
[BlackElo "2838"]
[Result "0-1"]
[Round "5"]
[TimeControl "180+1"]
[Date "2023.11.07"]
[WhiteClock "0:00:02"]
[BlackClock "0:01:05"]
[Board "31"]

1. c4 c5 2. Nf3 Nf6 3. g3 b6 4. Bg2 Bb7 5. O-O e6 6. Nc3 a6 7. d4 cxd4 8. Qxd4 d6 9. Rd1 Nbd7 10. b3 Be7 11. Bb2 O-O 12. e4 Qc8 13. Rac1 Rd8 14. Qe3 Qc7 15. h3 Rac8 16. g4 h6 17. Nd4 g5 18. h4 Nh7 19. hxg5 hxg5 20. Bf3 Bf6 21. Kg2 Ne5 22. Be2 Ng6 23. Rh1 Nf4+ 24. Kf1 Nf8 25. Bf3 N8g6 26. Nde2 Be5 27. Rh5 Nxh5 28. gxh5 Nf4 29. Nd1 Bxb2 30. Nxb2 Qc5 31. Nxf4 Qxe3 32. fxe3 gxf4 33. exf4 Kg7 34. Kf2 Kh6 35. Ke3 Rg8 36. Nd3 Rg3 37. Kf2 Rcg8 38. b4 f5 39. Re1 Rxf3+ 40. Kxf3 fxe4+ 41. Rxe4 Kxh5 42. Ke3 Rg3+ 43. Kd4 Bxe4 44. Kxe4 Kg4 45. c5 bxc5 46. bxc5 dxc5 47. Nxc5 Ra3 48. Nxe6 Rxa2 49. f5 Ra4+ 50. Ke5 Ra5+ 51. Kd4 Rxf5 52. Nc5 a5 53. Kc4 Kf4 54. Kb5 Ke3 55. Kc4 Rg5 56. Nb3 a4 57. Nc1 Kd2 58. Na2 Kc2 59. Nb4+ Kb2 60. Nd3+ Ka3 61. Nc1 Rg3 62. Nd3 Rxd3 63. Kxd3 0-1


[Site "https://www.chess.com"]

[Event "Titled Tuesday Blitz November 07 Late 2023"]
[White "Zakhartsov, Vladimir"]
[Black "Aarav Dengla"]
[WhiteFideId "4145097"]
[BlackFideId "45059756"]
[WhiteElo "2830"]
[BlackElo "2636"]
[Result "0-1"]
[Round "5"]
[TimeControl "180+1"]
[Date "2023.11.07"]
[WhiteClock "0:00:00"]
[BlackClock "0:00:10"]
[Board "32"]

1. d4 d5 2. c4 e6 3. Nc3 a6 4. cxd5 exd5 5. Bf4 h6 6. Nf3 Nf6 7. e3 Bd6 8. Be5 c6 9. Bd3 O-O 10. h3 Re8 11. O-O Bxe5 12. Nxe5 c5 13. Rc1 b5 14. Bb1 c4 15. f4 Nbd7 16. g4 b4 17. Ne2 Nh7 18. Bxh7+ Kxh7 19. Nxf7 Qh4 20. Rf3 Nf6 21. Ne5 Ne4 22. Qe1 Qxe1+ 23. Rxe1 a5 24. f5 Ng5 25. Rg3 Ne4 26. Rg2 Ba6 27. Nf4 Bb7 28. h4 a4 29. g5 a3 30. Ne6 Re7 31. bxa3 Rxa3 32. gxh6 Kxh6 33. Rg6+ Kh7 34. Ng5+ Nxg5 35. hxg5 Bc8 36. f6 Rea7 37. Re2 c3 38. Rf2 Bf5 39. Rxf5 c2 40. Rf1 Rxa2 41. Rxg7+ Rxg7 42. g6+ Rxg6+ 43. Nxg6 Kxg6 44. f7 c1=Q 0-1


[Site "https://www.chess.com"]

[Event "Titled Tuesday Blitz November 07 Late 2023"]
[White "Roebers, Eline"]
[Black "Rustemov, Alexander"]
[WhiteFideId "1058401"]
[BlackFideId "4119002"]
[WhiteElo "2634"]
[BlackElo "2815"]
[Result "1/2-1/2"]
[Round "5"]
[TimeControl "180+1"]
[Date "2023.11.07"]
[WhiteClock "0:00:37"]
[BlackClock "0:00:47"]
[Board "33"]

1. e4 e6 2. d4 d5 3. Bd3 dxe4 4. Bxe4 Nf6 5. Bf3 Nbd7 6. Nc3 Be7 7. Nge2 O-O 8. Bf4 Bd6 9. Bg5 h6 10. Be3 e5 11. Qd2 exd4 12. Nxd4 Ne5 13. Be2 Bb4 14. Ndb5 Qe7 15. a3 Bc5 16. Bxc5 Qxc5 17. Qd4 Qxd4 18. Nxd4 c6 19. O-O-O Re8 20. h3 Ng6 21. Rhe1 Bd7 22. Bc4 Rxe1 23. Rxe1 Kf8 24. Nf3 Rd8 25. Ne4 Nxe4 26. Rxe4 c5 27. Ne5 Nxe5 28. Rxe5 b6 29. h4 Bc6 30. g3 Rd4 31. Bd3 Rd7 32. b3 Re7 33. Rxe7 Kxe7 34. Kd2 a5 35. a4 Kd6 36. Ke3 f6 37. Kf4 Bd7 38. Ke3 g5 39. f4 Be6 40. Be2 Bf5 41. Bd3 Bg4 42. Be4 Ke6 43. Bd3 Kd5 44. Be4+ Kd6 45. Bd3 Be6 46. Be2 gxh4 47. gxh4 Bd5 48. Bd3 Ke6 49. Be4 f5 50. Bxd5+ Kxd5 51. c4+ Ke6 52. h5 1/2-1/2


[Site "https://www.chess.com"]

[Event "Titled Tuesday Blitz November 07 Late 2023"]
[White "Blohberger, Felix"]
[Black "reevecanada"]
[WhiteFideId "1632051"]
[WhiteElo "2810"]
[BlackElo "2634"]
[Result "0-1"]
[Round "5"]
[TimeControl "180+1"]
[Date "2023.11.07"]
[WhiteClock "0:00:00"]
[BlackClock "0:00:45"]
[Board "34"]

1. Nf3 d5 2. g3 Nd7 3. c4 dxc4 4. Qa4 a6 5. Qxc4 b5 6. Qc2 Bb7 7. Bg2 Ngf6 8. O-O e6 9. d3 Be7 10. a4 O-O 11. Nc3 b4 12. Nb1 c5 13. b3 a5 14. Bb2 Nd5 15. e4 N5b6 16. Nbd2 Qc7 17. Rac1 Rfd8 18. Rfe1 Rac8 19. h4 Ba6 20. Nc4 Nxc4 21. dxc4 Nb6 22. e5 h6 23. Nh2 Qd7 24. Rcd1 Qe8 25. Ng4 Bxc4 26. bxc4 Qxa4 27. Qe2 Qb3 28. Bc1 Qxc4 29. Qf3 Qc3 30. Qxc3 bxc3 31. Ne3 Rd4 32. Ba3 Bf8 33. Rc1 Na4 34. Rc2 Rb4 35. Rec1 Rb3 36. Ra1 Rd8 37. Be4 Rd4 38. Bc6 Nb2 39. Kg2 Nd3 40. f4 g5 41. hxg5 hxg5 42. fxg5 Nxe5 43. Bc1 Nxc6 44. Rf2 a4 0-1


[Site "https://www.chess.com"]

[Event "Titled Tuesday Blitz November 07 Late 2023"]
[White "Golubev, Mikhail"]
[Black "Leitao, Rafael"]
[WhiteFideId "14100983"]
[BlackFideId "2101246"]
[WhiteElo "2630"]
[BlackElo "2810"]
[Result "1-0"]
[Round "5"]
[TimeControl "180+1"]
[Date "2023.11.07"]
[WhiteClock "0:00:20"]
[BlackClock "0:00:05"]
[Board "35"]

1. e4 e5 2. Nf3 Nc6 3. Bc4 Nf6 4. Ng5 d5 5. exd5 Na5 6. Bb5+ c6 7. dxc6 bxc6 8. Bd3 Ng4 9. Nh3 f5 10. Be2 h5 11. d4 Qxd4 12. Qxd4 exd4 13. O-O Bc5 14. Nf4 O-O 15. h3 Nf6 16. Nxh5 Nxh5 17. Bxh5 Ba6 18. Rd1 Rad8 19. Nd2 d3 20. c3 Bb6 21. b3 Nb7 22. Ba3 Bc5 23. Bxc5 Nxc5 24. Re1 Rd7 25. Bf3 Rf6 26. Re5 Nb7 27. Rae1 Kf7 28. h4 Nd8 29. Ra5 Bc8 30. Nc4 Kf8 31. Kf1 g6 32. Ne5 Rdd6 33. Rd1 Rfe6 34. Rxd3 Rxe5 35. Rxd6 1-0


[Site "https://www.chess.com"]

[Event "Titled Tuesday Blitz November 07 Late 2023"]
[White "Sivakumar, Shaaketh"]
[Black "Szpar, Milosz"]
[WhiteFideId "30940176"]
[BlackFideId "1184989"]
[WhiteElo "2625"]
[BlackElo "2807"]
[Result "0-1"]
[Round "5"]
[TimeControl "180+1"]
[Date "2023.11.07"]
[WhiteClock "0:00:00"]
[BlackClock "0:00:06"]
[Board "36"]

1. e4 e6 2. d4 d5 3. Nd2 Be7 4. Ngf3 Nf6 5. Bd3 c5 6. e5 Nfd7 7. c3 Nc6 8. O-O a5 9. Qe2 cxd4 10. cxd4 Qb6 11. Qe3 Nb4 12. Bb1 Qc6 13. Qc3 b6 14. a3 Qxc3 15. bxc3 Nc6 16. Bd3 Ba6 17. Bxa6 Rxa6 18. c4 dxc4 19. Nxc4 b5 20. Ne3 O-O 21. Bb2 Rb8 22. d5 exd5 23. Nxd5 Bf8 24. Rfd1 Nc5 25. Rac1 Na4 26. Ba1 Bxa3 27. Rc2 Nb4 28. Rc7 Nxd5 29. Rxd5 Nc5 30. Ng5 Ne6 31. Nxe6 fxe6 32. Rdd7 Bf8 33. Bd4 Raa8 34. Bc5 Rd8 35. Rxd8 Rxd8 36. f4 Bxc5+ 37. Rxc5 Rb8 38. Kf2 a4 39. Ke3 a3 40. Kd2 a2 41. Rc1 Rd8+ 42. Ke2 b4 43. f5 exf5 44. e6 Kf8 45. Rd1 Rxd1 0-1


[Site "https://www.chess.com"]

[Event "Titled Tuesday Blitz November 07 Late 2023"]
[White "Gontcharov, Vladislav"]
[Black "Ghasi, Ameet K"]
[WhiteFideId "4123492"]
[BlackFideId "409200"]
[WhiteElo "2579"]
[BlackElo "2806"]
[Result "0-1"]
[Round "5"]
[TimeControl "180+1"]
[Date "2023.11.07"]
[WhiteClock "0:00:00"]
[BlackClock "0:00:29"]
[Board "37"]

1. d4 Nf6 2. c4 g6 3. Nc3 Bg7 4. Nf3 d6 5. Bg5 h6 6. Bh4 c6 7. e3 Nbd7 8. Be2 a6 9. O-O O-O 10. Qc2 b5 11. a4 bxc4 12. Bxc4 a5 13. Rac1 Rb8 14. b3 c5 15. Rfd1 Bb7 16. Qe2 Qb6 17. d5 Rfe8 18. e4 Bc8 19. h3 Nh5 20. Nd2 Ne5 21. Bb5 Rf8 22. Bxe7 Qc7 23. Bxf8 Kxf8 24. Nc4 Nf4 25. Qf1 g5 26. Nxe5 Bxe5 27. Ne2 Qe7 28. Qe1 Nxe2+ 29. Qxe2 Qf6 30. Re1 Qg6 31. Qd2 Ra8 32. Rc2 g4 33. hxg4 Bxg4 34. Kf1 Ke7 35. Qe3 Qh5 36. f3 Bd4 37. Qf4 Qh1+ 38. Ke2 Qxg2+ 39. Kd3 Qxf3+ 40. Qxf3 Bxf3 41. Rh2 h5 42. Rf1 Bg4 43. Kc2 Be5 44. Rhh1 Rb8 45. Rf2 Bd4 46. Rfh2 Be5 47. Rxh5 Bxh5 48. Rxh5 Rg8 49. Rf5 Rg2+ 50. Kc1 Bc3 51. Bc4 Ra2 0-1


[Site "https://www.chess.com"]

[Event "Titled Tuesday Blitz November 07 Late 2023"]
[White "Lima, Kleyton Alcantara"]
[Black "Bordi, Kevin"]
[WhiteFideId "22718397"]
[BlackFideId "621862"]
[WhiteElo "2543"]
[BlackElo "2796"]
[Result "1-0"]
[Round "5"]
[TimeControl "180+1"]
[Date "2023.11.07"]
[WhiteClock "0:00:14"]
[BlackClock "0:00:00"]
[Board "38"]

1. e4 d5 2. exd5 Qxd5 3. Nc3 Qa5 4. Bc4 Nf6 5. d3 c6 6. Ne2 e6 7. O-O b5 8. Bb3 Bd6 9. Ne4 Nxe4 10. dxe4 Qc7 11. h3 Nd7 12. Be3 Nc5 13. e5 Be7 14. f4 Bb7 15. Nd4 O-O-O 16. Qe2 g5 17. fxg5 Qxe5 18. Rxf7 Rxd4 19. Rxe7 Re4 20. Re1 Rf8 21. c4 Nxb3 22. axb3 bxc4 23. bxc4 c5 24. Qd2 Rd8 25. Qf2 Kb8 26. Rxh7 Ka8 27. Qf7 Qxb2 28. Re2 Qa1+ 29. Kh2 Qe5+ 30. Kg1 Rb8 31. Qc7 Qa1+ 32. Kh2 Qf1 33. Rf2 Qxc4 34. Rf8 1-0


[Site "https://www.chess.com"]

[Event "Titled Tuesday Blitz November 07 Late 2023"]
[White "Sokolovsky, Yahli"]
[Black "a-z30"]
[WhiteFideId "2820242"]
[WhiteElo "2780"]
[BlackElo "2541"]
[Result "1-0"]
[Round "5"]
[TimeControl "180+1"]
[Date "2023.11.07"]
[WhiteClock "0:00:06"]
[BlackClock "0:00:00"]
[Board "39"]

1. b3 Nf6 2. Bb2 g6 3. c4 Bg7 4. g3 O-O 5. Bg2 c5 6. Nf3 Nc6 7. d4 d6 8. d5 Na5 9. O-O a6 10. Qe1 b5 11. Bc3 b4 12. Bb2 Nb7 13. e4 a5 14. a4 bxa3 15. Rxa3 Bd7 16. Nc3 Ng4 17. Qd2 Ne5 18. Nxe5 Bxe5 19. f4 Bd4+ 20. Kh1 Rb8 21. Rfa1 e5 22. f5 gxf5 23. exf5 Bxf5 24. Ne4 Bxb2 25. Qxb2 Bxe4 26. Bxe4 f5 27. Bg2 Qg5 28. Rf1 Rbe8 29. Raa1 e4 30. Rf4 Qf6 31. Qa2 e3 32. Rc1 Re5 33. Qe2 Qd8 34. Qd3 Qb6 35. Re1 Qb4 36. Rxe3 Rfe8 37. Rxe5 Rxe5 38. Rxf5 Rxf5 39. Qxf5 Qe1+ 40. Bf1 Qe7 41. Bd3 Kg7 42. Qxh7+ Kf8 43. Qh8+ Kf7 44. Kg2 Nd8 45. h4 Qf6 46. Qh7+ Kf8 47. Bg6 Qb2+ 48. Kh3 Qf6 49. h5 Qe5 50. Qd7 Qf6 51. Qg4 Kg8 52. h6 Kh8 53. Qh5 Qa1 54. Be4 Qf1+ 55. Bg2 Qf6 56. Qe8+ Kh7 57. Be4+ Kxh6 58. Qg8 1-0


[Site "https://www.chess.com"]

[Event "Titled Tuesday Blitz November 07 Late 2023"]
[White "BardArtem"]
[Black "D`Arruda, Ricardo D."]
[BlackFideId "100692"]
[WhiteElo "2764"]
[BlackElo "2531"]
[Result "1-0"]
[Round "5"]
[TimeControl "180+1"]
[Date "2023.11.07"]
[WhiteClock "0:01:15"]
[BlackClock "0:00:27"]
[Board "40"]

1. e4 c5 2. c3 e6 3. Nf3 d5 4. exd5 exd5 5. d4 Bd6 6. dxc5 Bxc5 7. Bb5+ Nc6 8. O-O Ne7 9. Nbd2 O-O 10. Nb3 Bb6 11. h3 a6 12. Bd3 h6 13. Re1 Be6 14. Be3 Re8 15. Bxb6 Qxb6 16. a4 Na5 17. Nxa5 Qxa5 18. Nd4 Nc6 19. Nxe6 Rxe6 20. Rxe6 fxe6 21. Qh5 e5 22. Bf5 Rf8 23. Rd1 Nd8 24. Qg6 Rf6 25. Qe8+ Rf8 26. Bh7+ Kxh7 27. Qxf8 Nc6 28. Qf5+ Kh8 29. Qc8+ Kh7 30. Qxb7 1-0


[Site "https://www.chess.com"]

[Event "Titled Tuesday Blitz November 07 Late 2023"]
[White "Krzyzanowski, Marcin"]
[Black "Kochiev, Ivan"]
[WhiteFideId "1132199"]
[BlackFideId "2917890"]
[WhiteElo "2761"]
[BlackElo "2514"]
[Result "1-0"]
[Round "5"]
[TimeControl "180+1"]
[Date "2023.11.07"]
[WhiteClock "0:00:03"]
[BlackClock "0:00:01"]
[Board "41"]

1. e4 c5 2. Nf3 d6 3. d4 cxd4 4. Nxd4 Nf6 5. Nc3 Nc6 6. Bg5 e6 7. Qd2 a6 8. Nxc6 bxc6 9. O-O-O Be7 10. Bxf6 gxf6 11. Bd3 Rb8 12. Rhe1 d5 13. exd5 cxd5 14. Qf4 Bd6 15. Qa4+ Kf8 16. Qh4 Rb4 17. Qh6+ Kg8 18. g3 Bf8 19. Qh5 Bg7 20. Bf5 Qf8 21. a3 Rb8 22. g4 Bh6+ 23. Kb1 Qxa3 24. Na4 Bd7 25. Qxh6 Bxa4 26. Qc1 exf5 27. gxf5 Kf8 28. Rd4 Bc6 29. Qh6+ Kg8 30. Rg1+ Qg3 31. Rxg3# 1-0


[Site "https://www.chess.com"]